cohdb
Replays
Latest Replays
All Replays
Popular Replays
Top Player Replays
Match Explorer
How It Works
Community
CoH3 Stats
Reddit
Sign in to upload your games and track your stats! →
Sign in with Steam
Getting out of a tough spot
Match 42605397
Overview
Messages
Build Orders
End
Kradschützen Motorcycle Team
Selects Italian Combined Arms Battlegroup
Selects Bersaglieri Squad
Bersaglieri Squad
250 Light Carrier
Panzergrenadier Squad
Construct Light Support Kompanie
Selects Bersaglieri Bolster
Bersaglieri Squad
Construct Mechanized Kompanie
Assault Mechanized Group
2.5-tonne Medical Truck
Selects Breda Model 30 Light Machine Guns
8 Rad Armored Car
Panzerjäger Mechanized Group
Construct Panzerarmee Kommand
Selects Semovente da 75/18 Assault Gun
Selects Carro Armato M13/40 Light Tank
Panzer III L Medium Tank
Panzerpioneer Squad
Panzerjäger Mechanized Group
Selects Artillery Cover
2.5-tonne Medical Truck
Artillery Cover
aurri
Max1boy
0
0
Comments
sign in to comment!
No comments posted yet!